 Dungeon Crawl Stone Soup version 0.29.1-13-g9f3cf754e1 (webtiles) character file.

Game seed: 5714843703445621097

58 hbarley the Chopper (level 4, 0/40 HPs)
             Began as a Hill Orc Fighter on Jan 31, 2023.
             Killed by nerve-wracking pain
             ... invoked by a shadow imp
             ... summoned by Natasha
              (3 damage)
             ... on level 2 of the Dungeon.
             The game lasted 00:02:34 (1388 turns).

hbarley the Chopper (Hill Orc Fighter)              Turns: 1388, Time: 00:02:34

Health: 0/40       AC: 11    Str: 18    XL:     4   Next: 2%
Magic:  4/4        EV:  6    Int:  8    God:
Gold:   18         SH:  4    Dex: 12    Spells: 3/3 levels left

rFire   . . .      SeeInvis .   a - +0 war axe
rCold   . . .      Faith    .   c - +0 buckler
rNeg    . . .      Spirit   .   k - +0 chain mail
rPois   .          Reflect  .   e - +0 helmet
rElec   .          Harm     .   (no cloak)
rCorr   .          Rampage  .   (no gloves)
Will    .....                   f - +0 pair of boots
Stlth   ..........              (no amulet)
HPRegen 0.13/turn               (no ring)
MPRegen 0.09/turn               (no ring)

@: slowed, very slow
A: no striking features
a: no special abilities


You were on level 2 of the Dungeon.
You visited 1 branch of the dungeon, and saw 2 of its levels.

You collected 18 gold pieces.

Inventory:

Hand Weapons
 a - a +0 war axe (weapon)
Armour
 b - a +0 scale mail
 c - a +0 buckler (worn)
 e - a +0 helmet (worn)
 f - a +0 pair of boots (worn)
 k - a +0 chain mail (worn)
Jewellery
 i - a ring of ice
Scrolls
 h - a scroll of acquirement {unknown}
 n - a scroll of noise {unknown}
Potions
 d - a potion of might
 g - a potion of invisibility {unknown}
 j - 2 potions of flight {unknown}
 l - 2 potions of curing {unknown}
 m - a potion of magic {unknown}
 o - a potion of attraction {unknown}


   Skills:
 + Level 4.1 Fighting
 + Level 4.2 Axes
 + Level 3.6 Armour
 + Level 0.2 Dodging
 + Level 3.6 Shields


You had 3 spell levels left.
You didn't know any spells.
Your spell library was empty.

Dungeon Overview and Level Annotations

Branches:
Dungeon (2/15)

Altars:

Annotations:
D:2 Natasha


Message History

Natasha is severely wounded.
You hit the shadow imp but do no damage.
Natasha zaps a wand.
The roots erupt in riotous growth!
The grasping roots grab you!
The shadow imp is unaffected.
Natasha is unaffected.
The grasping roots constrict you.
The shadow imp hits you but does no damage.
Natasha stares at you and mumbles some strange words.
The magic dart hits you. The grasping roots constrict you.
You hear an angry hiss.
You hear a bark!
You closely miss Natasha.
Natasha is severely wounded.
You closely miss the shadow imp. The shadow imp gestures at you.
You barely resist. Natasha claws you. The grasping roots constrict you!
You block the shadow imp's attack. Natasha completely misses you.
The grasping roots constrict you. The white imp puffs mist at you.
The shadow imp barely misses you.
The grasping roots release their grip on you.
You barely miss Natasha.
Natasha is severely wounded.
You hit the shadow imp.
Natasha zaps a wand.
The roots erupt in riotous growth!
The grasping roots grab you!
The shadow imp is unaffected.
Natasha is unaffected.
The grasping roots constrict you.
* * * LOW HITPOINT WARNING * * *
The shadow imp hits you.
* * * LOW HITPOINT WARNING * * *
Natasha wildly gestures.
Natasha glows brightly for a moment.
Natasha claws you but does no damage. The grasping roots constrict you.
* * * LOW HITPOINT WARNING * * *
You hear a bark!
You escape the roots grasp.
The shadow imp attacks as you move away!
The shadow imp hits you but does no damage.
The shadow imp gestures at you. Pain shoots through your body!
You die...

# #...#.............#
###.#.#.###########†#
....#.#.# ..#.#
........# #.#.#
#.....### #.#.#
....### #.#.# .#### .
#.#.# .#
....#####.#.# .#
#....5h.@.†.# ..
......5##.### ######.
#.# .. #.# ##. #.. #.
### .. ..


You could see Natasha, a white imp (summoned) and a shadow imp (summoned).

Vanquished Creatures
  Natasha (D:2)
  An adder (D:2)
  5 endoplasms (D:1)
  2 goblins (D:1)
  2 hobgoblins (D:1)
  2 jackals (D:1)
  4 kobolds (D:1)
  4 frilled lizards (D:1)
  5 rats
26 creatures vanquished.

Notes
Turn   | Place    | Note
-------+----------+-------------------------------------------
     0 | D:1      | hbarley the Hill Orc Fighter began the quest for the Orb.
     0 | D:1      | Reached XP level 1. HP: 19/19 MP: 1/1
    61 | D:1      | Reached XP level 2. HP: 12/27 MP: 2/2
   479 | D:1      | Found a faded altar of an unknown god.
   877 | D:1      | Reached XP level 3. HP: 33/33 MP: 3/3
  1253 | D:2      | Noticed Natasha
  1268 | D:2      | Killed Natasha
  1269 | D:2      | Reached XP level 4. HP: 24/40 MP: 4/4
  1377 | D:2      | Noticed Natasha
  1388 | D:2      | Killed from afar by a shadow imp

Illustrated notes

Levels and vault maps discovered:
D:1:      spicycebolla_arrival_risky_transporter, layout_basic,
          shapermc_ecumenical_altar_totnotflames, minmay_small_reverse_x
D:2:      layout_basic, uniq_natasha

Skill      XL: |  1  2  3 |
---------------+----------+-----
Axes           | 3 4 |  4.2
Fighting       | 4 |  4.1
Armour         | |  3.6
Dodging        | |  0.2
Shields        | |  3.6

Action                   |  1- 3 |  4- 6 || total
-------------------------+-------+-------++-------
Melee: War axe           |    76 |     6 ||    82
Armor: Scale mail        |    38 |       ||    38
       Chain mail        |    15 |     6 ||    21
Dodge: Dodged            |    18 |     5 ||    23
Block: Buckler           |    11 |     3 ||    14
